 Dungeon Crawl Stone Soup version 0.17-a0-1450-g7e755d1 (webtiles) character file.

4482 Fluffy the Carver (level 10, -1/88 HPs)
             Began as a Minotaur Fighter on June 30, 2015.
             Was a Follower of the Shining One.
             Slain by a nine-headed hydra (6 damage)
             ... on level 8 of the Dungeon.
             The game lasted 00:16:18 (6046 turns).

Fluffy the Carver (Minotaur Fighter)                Turns: 6046, Time: 00:16:18

Health: -1/88      AC: 19    Str: 23    XL:     10   Next: 16%
Magic:  12/12      EV:  5    Int:  5    God:    the Shining One [*.....]
Gold:   205        SH: 11    Dex: 11    Spells: 0 memorised, 9 levels left

rFire  + . .     SeeInvis .     n - +6 scimitar (slice)
rCold  . . .     Clarity  .     A - +0 plate armour
rNeg   . . .     SustAt   .     c - +0 shield
rPois  +         Gourm    .     (helmet restricted)
rElec  .         Spirit   .     q - +1 cloak
rCorr  .         Warding  .     (no gloves)
rMut   .         Stasis   .     l - +2 pair of boots
MR     .....                    m - amulet of rage
Stlth  ..........               k - ring of poison resistance
                                h - ring of protection from fire

@: exhausted, slowed, glowing, very slow, not resistant to hostile enchantments,
extremely unstealthy
A: retaliatory headbutt, horns 2
a: Renounce Religion, Evoke Berserk Rage


You were on level 8 of the Dungeon.
You worshipped the Shining One.
The Shining One was aware of your devotion.
You were hungry.

You visited 2 branches of the dungeon, and saw 9 of its levels.

You collected 329 gold pieces.
You spent 124 gold pieces at shops.

Inventory:

Hand weapons
 n - a +6 scimitar of slicing (weapon)
Armour
 c - a +0 shield (worn)
 l - a +2 pair of boots (worn)
 q - a +1 cloak (worn)
 A - a +0 plate armour (worn)
Jewellery
 h - a ring of protection from fire (left hand)
 k - a ring of poison resistance (right hand)
 m - an amulet of rage (around neck)
Magical devices
 t - a wand of slowing (36)
 y - a wand of slowing (24)
Scrolls
 i - 2 scrolls of recharging
 p - 2 scrolls of blinking
 r - a scroll of remove curse
 s - a scroll of teleportation
 B - a scroll of enchant armour
 C - a scroll of noise {unknown}
Potions
 a - 2 potions of magic
 d - a potion of might
 f - a potion of agility
 g - a potion of cancellation
 j - 6 potions of curing
 o - a potion of invisibility {unknown}
 u - a potion of heal wounds
 w - 2 potions of mutation
 x - a potion of berserk rage
 z - a potion of ambrosia {unknown}
Comestibles
 b - 15 fruits
 e - 6 bread rations
 v - 2 beef jerkies
 D - 5 chunks of flesh
 E - 6 slices of pizza


   Skills:
 + Level 7.9 Fighting
 + Level 11.4 Long Blades
 + Level 8.1 Armour
 + Level 8.0 Shields
 + Level 4.7 Invocations


You had 9 spell levels left.
You didn't know any spells.

Dungeon Overview and Level Annotations

Branches:
Dungeon (8/15)             Temple (1/1) D:6            Lair (0/8) D:8

Altars:
Ashenzari
Cheibriados
Dithmenos
Elyvilon
Fedhas
Gozag
Kikubaaqudgha
Makhleb
Nemelex Xobeh
Okawaru
Qazlal
Ru
Sif Muna
Trog
Vehumet
Xom
Yredelemnul
Zin
The Shining One

Shops:
D:6 (


Innate Abilities, Weirdness & Mutations

You reflexively headbutt those who attack you in melee.
You have a pair of horns on your head.


Message History

You block the nine-headed hydra's attack.
The nine-headed hydra bites you.
* * * LOW HITPOINT WARNING * * *
The nine-headed hydra completely misses you.
You are too berserk!
You feel a strong urge to attack something.
You feel your anger subside.
You are no longer berserk.
You are exhausted.
You feel yourself slow down.
You are feeling hungry.
You block the nine-headed hydra's attack.
The nine-headed hydra bites you but does no damage. x3
The nine-headed hydra bites you.
* * * LOW HITPOINT WARNING * * *
The nine-headed hydra bites you but does no damage.
You block the nine-headed hydra's attack.
The nine-headed hydra bites you but does no damage.
The nine-headed hydra bites you.
You die...

##..................
#............###....
............## ##... ##..
...##......## ##.. #...# #.#
#.....## #.. #.....### #.....#
##.. #.......# #....<## ##...
.#.....P.#####......## ##..#.
...........#.@........###..###
............D................#
.....?>.....##................
............###......(...#....
..(.........#####........###..
#......)#..## #........# #..
#.....).#...###........# ##.
##.....##....#.....##..## #.
##...###....)†....###..###.


You could see a nine-headed hydra.

Vanquished Creatures
  The ghost of CipHuK the Cutter, an experienced KoEn of Kikubaaqudgha (D:6)
  A wyvern (D:8)
  2 yaks (D:8)
  A deep elf mage (D:8)
  2 hippogriffs
  3 wargs (D:8)
  2 phantoms (D:5)
  An orc warrior (D:6)
  6 ogres
  2 sky beasts (D:5)
  The ghost of Sirial the Ruffian, an average DrTm (D:3)
  5 centaurs
  4 big kobolds (D:8)
  A giant frog (D:8)
  4 killer bees (D:7)
  A scorpion (D:5)
  3 orc priests
  3 hounds
  9 orc wizards
  7 worker ants
  3 iguanas
  2 sheep (D:8)
  A hound zombie (D:6)
  2 hound skeletons
  Robin (D:2)
  7 adders
  A shadow imp (D:7)
  An ooze (D:1)
  3 worms
  5 giant geckos
  16 orcs
  2 ball pythons
  6 giant cockroaches
  31 goblins
  16 hobgoblins
  13 jackals
  18 kobolds
  2 quokkas
  12 bats
  3 giant newts
  9 rats
213 creatures vanquished.

Vanquished Creatures (others)
  An orc (D:8)
1 creature vanquished.

Grand Total: 214 creatures vanquished

Notes
Turn   | Place    | Note
--------------------------------------------------------------
     0 | D:1      | Fluffy the Minotaur Fighter began the quest for the Orb.
     0 | D:1      | Reached XP level 1. HP: 19/19 MP: 0/0
   138 | D:1      | Reached XP level 2. HP: 24/26 MP: 1/1
   308 | D:1      | Reached skill level 4 in Long Blades
   403 | D:1      | Reached XP level 3. HP: 28/31 MP: 2/2
   875 | D:2      | Reached skill level 5 in Long Blades
   891 | D:2      | Reached XP level 4. HP: 36/39 MP: 3/3
   896 | D:2      | Noticed Robin
   925 | D:2      | Killed Robin
  1269 | D:3      | Reached skill level 6 in Long Blades
  1390 | D:3      | Reached XP level 5. HP: 24/45 MP: 4/4
  1404 | D:3      | Noticed an ogre
  1659 | D:3      | Noticed Sirial's ghost (average DrTm)
  1676 | D:3      | Killed Sirial's ghost
  1676 | D:3      | Reached skill level 7 in Long Blades
  1683 | D:3      | Killed an ogre
  1683 | D:3      | Reached skill level 8 in Long Blades
  1683 | D:3      | Reached XP level 6. HP: 51/51 MP: 5/5
  2398 | D:4      | Reached skill level 9 in Long Blades
  2463 | D:4      | Reached XP level 7. HP: 57/57 MP: 6/6
  2572 | D:4      | Found a sparkling altar of Nemelex Xobeh.
  2592 | D:4      | Found an opulent altar of Gozag.
  2593 | D:4      | Found a shadowy altar of Dithmenos.
  2595 | D:4      | Found a shattered altar of Ashenzari.
  2926 | D:5      | Entered Level 5 of the Dungeon
  2953 | D:5      | Found a white marble altar of Elyvilon.
  2953 | D:5      | Found a bloodstained altar of Trog.
  3179 | D:5      | Reached skill level 5 in Armour
  3179 | D:5      | Reached XP level 8. HP: 65/67 MP: 7/7
  3253 | D:5      | Reached skill level 5 in Fighting
  3253 | D:5      | Reached skill level 5 in Shields
  3363 | D:5      | Found a snail-covered altar of Cheibriados.
  3564 | D:6      | Found a staircase to the Ecumenical Temple.
  3593 | D:6      | Reached skill level 10 in Long Blades
  3813 | Temple   | Entered the Ecumenical Temple
  3877 | Temple   | Became a worshipper of the Shining One
  4164 | D:6      | Found Zevageta's Antique Weapon Shop.
  4182 | D:6      | Noticed CipHuK's ghost (experienced KoEn)
  4195 | D:6      | Killed CipHuK's ghost
  4195 | D:6      | Reached skill level 1 in Invocations
  4256 | D:6      | Bought a runed scimitar for 124 gold pieces
  4531 | D:6      | Reached XP level 9. HP: 75/77 MP: 9/9
  5628 | D:8      | Reached skill level 11 in Long Blades
  5917 | D:8      | Found a staircase to the Lair.
  5955 | D:8      | Reached XP level 10. HP: 80/88 MP: 12/12
  6011 | D:8      | Acquired the Shining One's first power
  6011 | D:8      | Noticed a three-headed hydra
  6046 | D:8      | Slain by a nine-headed hydra

Vault maps used:
D:1:      dpeg_arrival_central, minivault_11, hex_medium, minmay_curled_crystal,
          kennysheep_nondescript
D:2:      uniq_robin
D:4:      grunt_temple_overflow_open, minmay_goblin_outpost
D:5:      cheibriados_altar_wand_db, gammafunk_temple_overflow_pools,
          first_bread, minmay_misc_feat_pillars
D:6:      minmay_temple_entry_large_hall, serial_shops, shop_statue
D:8:      erik_lair_orcish_takeover, enter_bailey_2, hangedman_ranch,
          uniq_pikel, uniq_erica
Temple:   circular_temple_12

Action                   |  1- 3 |  4- 6 |  7- 9 | 10-12 || total
-------------------------+-------+-------+-------+-------++-------
Melee: Long sword        |    90 |   179 |   142 |       ||   411
       Scimitar          |       |       |   135 |    33 ||   168
 Abil: Evoke Berserk Rag |       |     1 |     2 |     1 ||     4
Evoke: Wand              |       |       |       |     1 ||     1
  Use: Potion            |       |     1 |       |       ||     1
       Scroll            |       |     9 |    11 |       ||    20
  Eat: Chunk             |       |     6 |    13 |       ||    19
